[Event "*** Titled Tuesday Blitz"]
[Site "Chess.com"]
[Date "2020.04.21"]
[Round "5"]
[White "penguingm1"]
[Black "Mischuk_D"]
[Result "0-1"]
[WhiteElo "2843"]
[BlackElo "2701"]
[TimeControl "180+1"]
[EndTime "10:58:49 PDT"]
[Termination "Mischuk_D won on time"]

1. d4 d5 2. Bf4 c6 3. e3 Bf5 4. c4 Bxb1 5. Qxb1 e6 6. a3 Bd6 7. Bg3 Nf6 8. Qc2 O-O 9. Nf3 Qe7 10. Bd3 Nbd7 11. Rd1 g6 12. Ne5 Nh5 13. Nxd7 Qxd7 14.
Bh4 Be7 15. Bxe7 Qxe7 16. O-O Rad8 17. b4 a6 18. c5 e5 19. a4 exd4 20. exd4 Nf4 21.
Rfe1 Qf6 22. Bf1 Rfe8 23. Re3 Rxe3 24. fxe3 Ne6 25. Qf2 Qe7 26. Bd3 Ng5 27. Qf4 Re8 28. h4 Ne6 29. Qg3 Ng7 30. Re1 Nh5 31. Qf2 Nf6 32. Qf3 h5 33. Qg3 Kg7 34. b5 axb5 35. axb5 Ra8 36. bxc6 bxc6 37. Qf4 Ng4 38. e4 Qxh4 39.
Rf1 Qf6 40. exd5 Qxf4 41. Rxf4 cxd5 42. Rf1 Ra3 43. Rc1 Ra7 44. Be2 Ne3 45. Bf3 Nf5 46. Rd1 Ra4 47. c6 Nxd4 48. Bxd5 Nb5 49. Rf1 f5 50. Rb1 Ra5 51. Bc4 Nd6 52. Be2 Rc5 53.
Bf3 Kf6 54. Rb6 Ke5 55. Ra6 h4 56. Ra2 g5 57. Re2+ Ne4 58. Ra2 Rxc6 59. Kh2 g4 60.
Be2 Rc1 61. Ra5+ Kf4 62. g3+ Nxg3 63. Bf3 gxf3 64. Ra4+ Kg5 65. Rg4+ Kf6 66. Rxh4 Rh1+ 0-1

[Event "*** Titled Tuesday Blitz"]
[Site "Chess.com"]
[Date "2020.04.21"]
[Round "5"]
[White "Chichin_chao"]
[Black "crywolf1986"]
[Result "1/2-1/2"]
[WhiteElo "2374"]
[BlackElo "2582"]
[TimeControl "180+1"]
[EndTime "10:58:49 PDT"]
[Termination "Game drawn - insufficient material"]

1. e4 c6 2. d4 d5 3. Nd2 dxe4 4. Nxe4 Bf5 5. Ng3 Bg6 6. h4 h6 7. Nh3 e5 8. dxe5 Qa5+ 9. c3 Qxe5+ 10. Qe2 Qxe2+ 11.
Bxe2 Bc5 12. Nf4 Ne7 13. Nxg6 Nxg6 14. h5 Ne5 15. Ne4 Be7 16. f4 Ned7 17. Be3 Nf6 18. Nxf6+ Bxf6 19. O-O-O O-O 20. g4 Re8 21. Rh3 a5 22. Kc2 Na6 23. Rd7 Re7 24. Rxe7 Bxe7 25. g5 hxg5 26. fxg5 Nc5 27. g6 fxg6 28. Bc4+ Kh7 29.
hxg6+ Kxg6 30. Rg3+ Kf5 31. Rxg7 Bd6 32. Rg5+ Kf6 33. Rxc5 Bxc5 34. Bxc5 b5 35. Bd3 Ke5 36. c4 Rh8 37. cxb5 cxb5 38. Bb6 Rh2+ 39. Kc3 b4+ 40. Kb3 Rh3 41. Kc2 Rh2+ 42. Kc1 a4 43. Ba5 Kd4 44. Bc2 Rh1+ 45. Bd1 b3 46. axb3 axb3 47. Kd2 Rh2+ 48. Be2 Rh6 49. Bc3+ Kc5 50. Ke3 Rh3+ 51. Bf3 Rh2 52. Bd4+ Kc4 53. Be5 Rc2 54. Be4 Rc1 55. Bd3+ Kd5 56. Bc3 Rh1 57. Be2 Rh3+ 58. Bf3+ Kc4 59.
Kf2 Rh2+ 60. Bg2 Rh7 61. Bf1+ Kc5 62. Ke3 Rh1 63. Bg2 Rg1 64. Bf3 Rg3 65. Ke2 Rh3 66. Be1 Rh2+ 67. Bf2+ Kc4 68. Be4 Rh3 69. Bf5 Rh2 70.
Bd3+ Kd5 71. Kf3 Rh3+ 72. Bg3 Kd4 73. Bf5 Rxg3+ 74. Kxg3 Ke3 75. Be6 Kd2 76. Bxb3 Kc1 77. Be6 Kxb2 1/2-1/2

[Event "*** Titled Tuesday Blitz"]
[Site "Chess.com"]
[Date "2020.04.21"]
[Round "5"]
[White "ChesterF"]
[Black "Kobalia"]
[Result "0-1"]
[WhiteElo "2538"]
[BlackElo "2714"]
[TimeControl "180+1"]
[EndTime "10:58:51 PDT"]
[Termination "Kobalia won by resignation"]

1. d4 d5 2. c4 c6 3. Nf3 Nf6 4.
Nc3 a6 5. e3 e6 6. b3 Bb4 7.
Bd2 O-O 8. Qc2 Nbd7 9. Bd3 Bd6 10. O-O b6 11. e4 dxc4 12. Bxc4 e5 13. Rad1 exd4 14. Nxd4 Ne5 15. h3 Nxc4 16. bxc4 Qc7 17. Bg5 Be5 18. f4 Bxd4+ 19. Rxd4 Nh5 20. Qf2 f6 21.
Bh4 Be6 22. f5 c5 23. fxe6 cxd4 24. Nd5 Qe5 25. e7 Rf7 26. Qf3 Re8 27. Be1 Rfxe7 28. Nxe7+ Rxe7 29. g4 Qxe4 30. Qxe4 Rxe4 31. gxh5 Re2 32.
Bf2 d3 33. Rd1 Rxa2 34. Rxd3 Rc2 35. Rd4 a5 36. Rd6 a4 37. Rxb6 Rxc4 38. Ra6 h6 39. Ra7 Re4 40. Kg2 Re5 41. Rxa4 Rxh5 42. Ra7 Re5 43. Kf3 Kh7 44. Bg3 Rf5+ 45. Ke4 Rb5 46. Bf2 Kg8 47. Bd4 Rh5 48. Ra3 Rh4+ 49. Kd5 Kh7 50.
Rf3 Kg6 51. Rg3+ Kh7 52. Bc3 Rh5+ 53. Ke6 Rg5 54. Rf3 Rc5 55. Bd4 Rc6+ 56. Kd5 Ra6 57. Rb3 Kg8 58. Rb7 Kh8 59. h4 Kg8 60. h5 Ra5+ 61.
Bc5 Ra6 62. Rc7 Kh8 63. Bd6 Kg8 64. Ke6 Ra8 65. Rc8+ Rxc8 66. Be7 Rc2 67. Bd6 Rg2 0-1

[Event "*** Titled Tuesday Blitz"]
[Site "Chess.com"]
[Date "2020.04.21"]
[Round "5"]
[White "Shant_Sargsyan"]
[Black "Jumbo"]
[Result "1/2-1/2"]
[WhiteElo "2991"]
[BlackElo "2836"]
[TimeControl "180+1"]
[EndTime "10:58:55 PDT"]
[Termination "Game drawn by repetition"]

1. d4 d6 2. e4 g6 3. Nc3 Bg7 4. Be3 c6 5. a4 Nd7 6. Nf3 Ngf6 7. h3 O-O 8. Be2 e5 9. dxe5 dxe5 10. O-O Nh5 11.
Qd6 Re8 12. Rfd1 Bf8 13. Qd2 Qf6 14. g3 Nc5 15. Kg2 Ne6 16. a5 Bc5 17. Bxc5 Nxc5 18. Qd6 Ne6 19. Kh2 Neg7 20. Qxf6 Nxf6 21. b4 a6 22. Rd6 Nd7 23. Rad1 Nf8 24. Na4 Rb8 25.
Nb6 Be6 26. Nxe5 Bxh3 27. Nxc6 bxc6 28. Kxh3 Rxe4 29. Bxa6 Rxb4 30. Rd8 Rxd8 31. Rxd8 Ne6 32. Rc8 Rb2 33. Bd3 Ra2 34. a6 Nc5 35. Bc4 Ra5 36.
Rxc6 Nxa6 37. Rf6 Ne6 38. Bxe6 fxe6 39. Rxe6 Nc7 40. Rc6 Nd5 41. Nc4 Ra2 42. Ne5 Nb4 43.
Rc8+ Kg7 44. c3 Nd5 45. c4 Nc3 46. Rc7+ Kg8 47. c5 Ne4 48. c6 Rc2 49. Rc8+ Kg7 50. f3 Nf6 51. c7 h5 52. f4 Ne4 53. g4 Nf2+ 54. Kg3 Nxg4 55. Nxg4 hxg4 56. Kxg4 Rc5 57. Kf3 Rc4 58. Ke3 Rc5 59. Kd3 Rc1 60. Kd4 Rd1+ 61. Ke3 Re1+ 62. Kd3 Rc1 63. Kd2 Rc6 64. Ke3 Rc1 65. Kd4 Rc2 66. Kd3 Rc1 1/2-1/2

[Event "*** Titled Tuesday Blitz"]
[Site "Chess.com"]
[Date "2020.04.21"]
[Round "5"]
[White "RichardWe"]
[Black "mshuaau0"]
[Result "0-1"]
[WhiteElo "2398"]
[BlackElo "2119"]
[TimeControl "180+1"]
[EndTime "10:59:02 PDT"]
[Termination "mshuaau0 won on time"]

1. d4 d5 2. c4 e6 3. Nc3 Nf6 4. Bg5 Be7 5. e3 Nbd7 6. Nf3 h6 7. Bh4 O-O 8. Rc1 c5 9. cxd5 Nxd5 10. Bxe7 Qxe7 11. Nxd5 exd5 12. dxc5 Nxc5 13. Qxd5 Ne4 14. a3 Rd8 15. Qe5 Qxe5 16. Nxe5 Be6 17. Be2 Nd2 18.
f3 Nb3 19. Rd1 Rdc8 20. Bd3 f6 21. Ng6 Kf7 22. Nf4 Rc7 23. O-O g5 24. Nxe6 Kxe6 25.
Be4 Nc5 26. Bd5+ Ke7 27. e4 Ne6 28. Bxe6 Kxe6 29. Rf2 Rac8 30. Rfd2 Rc2 31. Kf2 Rxd2+ 32. Rxd2 Rc7 33. Ke3 Ke5 34. g3 h5 35. f4+ gxf4+ 36. gxf4+ Ke6 37. f5+ Ke7 38. Kf4 Rc4 39. Rg2 Kf7 40.
h4 b5 41. Rg6 Rc2 42. Rh6 Rf2+ 43. Ke3 Rxb2 44. Rh7+ Kg8 45. Rxa7 Rh2 46. Ra5 Rxh4 47. Kd4 Rh3 48. Kd5 Kg7 49. Rxb5 Rxa3 50. Rb7+ Kh6 51. Rb6 Kg5 52. Rb8 Ra5+ 53. Ke6 Re5+ 54. Kf7 Rxe4 55. Rh8 Rh4 56. Ke6 Re4+ 57. Kf7 h4 58. Rg8+ Kxf5 59. Rh8 Rg4 60. Rh5+ Kf4 61. Kxf6 Kg3 62. Kf5 h3 63.
Rh8 Rg7 64. Kf6 Rg4 65. Kf5 Rg7 66. Kf6 Ra7 67. Kf5 Ra5+ 68. Ke4 h2 69. Rg8+ Kf2 70. Rf8+ Kg2 71. Rg8+ Kh1 72. Kf3 Ra2 73. Rg7 Rb2 74.
Rg8 Rb3+ 75. Kf2 Rb2+ 76. Kf1 Rb1+ 77. Kf2 Rg1 78. Rh8 Rg7 79. Rh6 Rf7+ 80. Kg3 Kg1 0-1

[Event "*** Titled Tuesday Blitz"]
[Site "Chess.com"]
[Date "2020.04.21"]
[Round "5"]
[White "tsvet2005"]
[Black "BakaPG"]
[Result "0-1"]
[WhiteElo "2516"]
[BlackElo "2710"]
[TimeControl "180+1"]
[EndTime "10:59:06 PDT"]
[Termination "BakaPG won by resignation"]

1. d4 d5 2. c4 c6 3. Nf3 Nf6 4. g3 dxc4 5. Bg2 b5 6. O-O Bb7 7.
b3 cxb3 8. Qxb3 e6 9. a4 a6 10. Ne5 Qxd4 11. Bb2 Qb4 12. Qc2 Qc5 13. Qd3 Be7 14.
Rc1 Qd6 15. Qb3 O-O 16. Na3 Nd5 17. e4 Qb4 18. Qc2 Nb6 19. a5 Na4 20. Nd3 Qxa5 21. Bd4 Qd8 22. Be3 Nd7 23. Rd1 Qc8 24. Nf4 c5 25. Nc4 Bf6 26. Nd6 Qc7 27. Rac1 Bc6 28.
Nh5 e5 29. Nf5 Rfd8 30. Rxd7 Bxd7 31. Nxf6+ gxf6 32. Nh6+ Kh8 33. Qe2 Be6 34. Qh5 Qe7 35. Bh3 Rac8 36. Nf5 Qf8 37. Bh6 Qg8 38. Bg7+ Qxg7 39.
Nxg7 Kxg7 40. Bxe6 fxe6 41. Qg4+ Kf7 42. h4 c4 43. h5 Rg8 44. Qe2 Nc5 45. h6 Nd3 46. Ra1 Rg6 47. Rxa6 Rc7 48. Ra8 c3 49. Qxd3 c2 50. Qd8 c1=Q+ 51. Kg2 Rxg3+ 52. Kxg3 Qg5+ 53. Kh2 Qxh6+ 54. Kg2 Qg7+ 55. Kh2 Kg6 56. Qd3 Qh6+ 57. Kg2 Rg7 58. Kf1 Qc1+ 59. Ke2 Qc4 60. Qxc4 bxc4 61.
Rc8 Rd7 62. Rxc4 Rd4 63. Rc6 Rxe4+ 64. Kf3 Rf4+ 65. Ke3 Kf5 66. Rc7 h5 67. Rh7 h4 68.
Rh5+ Kg4 69. Rh8 Rf3+ 70. Ke2 e4 71. Rg8+ Kf5 72. Rh8 h3 73. Rh5+ Kf4 74. Rh8 Ke5 75. Rh5+ f5 76. Rh8 Ra3 77. Rh7 Ra2+ 78. Kf1 e3 79. fxe3 h2 80. Rh3 Ra1+ 81. Kg2 h1=Q+ 82. Rxh1 Rxh1 83. Kxh1 Ke4 84. Kg2 Kxe3 85. Kg3 f4+ 86. Kh4 f3 87. Kg5 f2 88. Kf6 f1=Q+ 89. Kxe6 Qf4 90.
Kd5 Qe4+ 0-1

[Event "*** Titled Tuesday Blitz"]
[Site "Chess.com"]
[Date "2020.04.21"]
[Round "5"]
[White "HaryKane"]
[Black "Sethu0025"]
[Result "0-1"]
[WhiteElo "2675"]
[BlackElo "2825"]
[TimeControl "180+1"]
[EndTime "10:59:20 PDT"]
[Termination "Sethu0025 won by resignation"]

1. e4 c5 2. Nf3 d6 3. d4 cxd4 4. Nxd4 Nf6 5. Nc3 a6 6. Bc4 e6 7. Bb3 Nbd7 8. f3 Nc5 9. Be3 b5 10.
Qd2 Bd7 11. a4 b4 12. Nd1 a5 13. O-O Be7 14. Nf2 O-O 15. Nd3 Qb8 16. Rfd1 Rd8 17.
Qf2 Nxb3 18. Nxb3 Rc8 19. Rd2 Bd8 20. Kh1 e5 21. Bg5 h6 22. Bh4 Ra6 23. Nxe5 Be6 24. Nd3 Qa8 25. Nd4 Bd7 26. b3 Qa7 27. Nf5 Qxf2 28. Bxf2 Bxf5 29. exf5 Nd5 30. Nc5 dxc5 31. Rxd5 Bf6 32. Rad1 c4 33. h3 cxb3 34. cxb3 Rc3 35. R1d3 Rac6 36. Kh2 Rxd3 37. Rxd3 Rc3 38. Rd5 Rxb3 39.
Rxa5 Rb1 40. Rb5 b3 41. a5 b2 42. a6 Ra1 43. a7 Be5+ 44. g3 Kh7 45. f4 Bc3 46. Kg2 Ra2 47. Kf3 Ra1 48. Ke4 Be1 49.
Bc5 Bc3 50. Kd3 Bf6 51. Kc2 Rc1+ 52. Kd2 Rxc5 53. Rxc5 b1=Q 54. a8=Q Qb2+ 55. Rc2 Qd4+ 56. Kc1 Qe3+ 57. Kb1 Qb3+ 58. Kc1 Qxg3 59. Qg2 Qxf4+ 60. Kd1 Qxf5 61. Qe2 Qxh3 62. Rd2 Qf5 63. Qd3 Qxd3 64. Rxd3 h5 65. Ke2 Kh6 66. Kf3 g5 67. Rd6 Kg6 68. Ra6 g4+ 69. Kg3 Kf5 70. Ra5+ Kg6 71. Kf4 Bh4 72. Ra7 f6 73. Ra6 Bg5+ 74. Kg3 Be3 75. Ra5 Bd4 76. Rd5 Be5+ 77. Kh4 g3 78. Kh3 Kg5 79.
Rd8 f5 80. Rg8+ Kf4 81. Kh4 Kf3 82. Kxh5 g2 83. Rg5 f4 84. Kg6 Bd4 85. Kf5 g1=Q 86. Rxg1 Bxg1 87. Ke5 Be3 0-1

[Event "*** Titled Tuesday Blitz"]
[Site "Chess.com"]
[Date "2020.04.21"]
[Round "5"]
[White "ChessicallyInclined"]
[Black "Lion-Al-Messi"]
[Result "1/2-1/2"]
[WhiteElo "2600"]
[BlackElo "2444"]
[TimeControl "180+1"]
[EndTime "10:59:25 PDT"]
[Termination "Game drawn by agreement"]

1. d4 b6 2. e4 Bb7 3. Bd3 e6 4. Nf3 c5 5. c3 Nf6 6. Qe2 Be7 7. O-O Nc6 8. e5 Nd5 9. a3 cxd4 10.
cxd4 f5 11. exf6 Nxf6 12. Nc3 O-O 13. Bg5 Qe8 14. Rad1 Qh5 15. Bxf6 Bxf6 16. d5 Ne7 17. dxe6 Bxf3 18. Qxf3 Qxf3 19. gxf3 dxe6 20. Bc4 Bxc3 21. Bxe6+ Kh8 22. bxc3 Rxf3 23. Rd7 Ng6 24. Bd5 Rd3 25. c4 Rf8 26. Rxa7 Nf4 27. Rd7 Rxa3 28. Re1 Nh3+ 29.
Kg2 Rxf2+ 30. Kh1 Rf8 31. Rf7 Rd8 32. Rfe7 h5 33. R1e5 g6 34. Rf7 b5 35. Ree7 Ng5 36. Rf6 bxc4 37. Re5 Nh7 38. Rxg6 c3 39. Rg1 c2 40.
Re7 Rc3 41. Ree1 Rxd5 42. Re8+ Nf8 43. Rxf8+ Kh7 44. Rf7+ Kh6 45. Rf6+ Kh7 46. Rf7+ Kh6 47. Rf8 Rd7 48. Rf6+ Kh7 49. Rff1 Rdc7 50. Rc1 Kh6 51. Rg2 h4 52. Kg1 h3 53. Rd2 Kg5 54. Kf2 Kf4 55.
Ke2 Ke4 56. Rd6 Re3+ 57. Kd2 Rf3 58. Re6+ Kf5 59. Re2 Rfc3 60. Rf1+ Kg4 61. Rc1 Kf3 62. Rf1+ Kg4 63. Re4+ Kg5 64. Re5+ Kg6 65. Rc1 R3c4 66. Re3 Rd4+ 67. Ke2 Rdc4 68. Rxh3 Kf5 69. Rd3 Re4+ 70.
Kd2 Rh4 71. h3 Rf4 72. Rd5+ Ke6 73. Rd3 Rf2+ 74. Ke3 Rh2 75. Kf4 Rc4+ 76. Kg3 Re2 77.
h4 Kf5 78. Rf3+ Kg6 79. Rf2 Rc3+ 80. Kg2 Rxf2+ 81. Kxf2 Kf5 82. Ke2 Ke4 83. Kd2 Rh3 84. Kxc2 Rh2+ 85. Kc3 Rh3+ 86. Kc4 Kf5 87. Rd1 Kg6 88.
Kd5 Kh5 89. Ke5 Rxh4 90. Kf5 Rg4 91. Rd8 Rg5+ 92. Kf4 Rg4+ 93. Kf3 Ra4 94. Rh8+ Kg5 95. Rg8+ Kf6 96. Rg3 Kf5 97. Rg1 Ra3+ 98. Kg2 Kf4 99. Rf1+ Kg4 100. Rf2 Re3 1/2-1/2

[Event "*** Titled Tuesday Blitz"]
[Site "Chess.com"]
[Date "2020.04.21"]
[Round "5"]
[White "Zoffy13"]
[Black "masteryoungK"]
[Result "0-1"]
[WhiteElo "2215"]
[BlackElo "2401"]
[TimeControl "180+1"]
[EndTime "10:59:25 PDT"]
[Termination "masteryoungK won on time"]

1. d4 Nf6 2. Nf3 g6 3. c4 d5 4.
e3 Bg7 5. Qb3 c6 6. Nc3 O-O 7.
Bd2 Ne4 8. cxd5 Nxc3 9. bxc3 cxd5 10. Be2 Nc6 11. c4 Na5 12. Qb4 Nxc4 13. Bxc4 dxc4 14. Qxc4 Bg4 15. O-O Bxf3 16. gxf3 Rc8 17. Qb3 Qd7 18. Rac1 b6 19. Kg2 h5 20. Bb4 h4 21. h3 Rfe8 22. Rfd1 Qf5 23. Qa3 Qg5+ 24. Kh2 a5 25. Bd2 Qd5 26. Qb3 Qxf3 27. Be1 Qb7 28. Rxc8 Rxc8 29.
Rb1 Rc6 30. Bxa5 Rf6 31. Be1 Qe4 32. Rc1 Rf3 33. Qc4 Qf5 34. Qc8+ Kh7 35. Qxf5 Rxf5 36. Rb1 b5 37. Kg2 Rd5 38. f3 e5 39. dxe5 Bxe5 40. Kf2 Bg3+ 41. Ke2 Rc5 42. Kd3 Rf5 43. f4 Rd5+ 44.
Ke2 Bxe1 45. Kxe1 Rd3 46. Ke2 Ra3 47. Rb2 f5 48. Rxb5 Rxa2+ 49. Kd3 Rh2 50. Rb7+ Kh6 51. Rb8 Rxh3 52. Ke2 Rg3 53. Kf2 Rh3 54. Re8 Kg7 55.
Kg2 Rg3+ 56. Kf2 Rg4 57. Re7+ Kh6 58. Re8 g5 59. fxg5+ Kxg5 60. Rg8+ Kf6 61. Rf8+ Ke5 62. Re8+ Kd5 63. Rd8+ Ke4 64. Re8+ Kd5 65. Rd8+ Ke6 66. Re8+ Kf7 67. Rh8 Kg7 68. Re8 Ra4 69. Re5 Kg6 70. Re6+ Kg5 71. Kf3 Ra1 72. Re8 Rf1+ 73. Kg2 Re1 74.
Kf2 Ra1 75. Rg8+ Kh5 76. Rh8+ Kg4 77. Rg8+ Kh3 78. Rf8 Ra2+ 79. Kf3 Ra1 80. Kf2 Ra5 81. Rg8 Kh2 82. Rg2+ Kh3 83. Rg8 Ra2+ 84. Kf3 Ra1 85. Rg5 Rf1+ 86. Ke2 Rh1 87. Kf2 Kh2 88. Rh5 h3 0-1

[Event "*** Titled Tuesday Blitz"]
[Site "Chess.com"]
[Date "2020.04.21"]
[Round "5"]
[White "wonderfultime"]
[Black "youngKID"]
[Result "1/2-1/2"]
[WhiteElo "2905"]
[BlackElo "2806"]
[TimeControl "180+1"]
[EndTime "10:59:26 PDT"]
[Termination "Game drawn by agreement"]

1. d4 Nf6 2. Nf3 g6 3. Bg5 Bg7 4. Nbd2 d5 5. e3 h6 6. Bh4 c5 7.
c3 cxd4 8. cxd4 Nc6 9. Bd3 O-O 10. h3 Qb6 11. Qb3 Qxb3 12. Nxb3 Ne4 13. Nfd2 Nxd2 14. Kxd2 e5 15. dxe5 Nxe5 16. Nd4 Bd7 17. Rac1 Rac8 18. b3 Nxd3 19. Kxd3 Rfe8 20. Bg3 Bf8 21. a4 Ba3 22. Rxc8 Rxc8 23. Be5 a6 24. g4 Bb2 25. Rb1 Bxd4 26. Bxd4 f5 27. f3 Kf7 28. Kd2 Rc6 29. Rg1 Rc8 30. h4 Re8 31. gxf5 Bxf5 32. a5 Rc8 33.
Bc3 h5 34. Ra1 Rc5 35. Ra4 Rb5 36. Rf4 Ke8 37. b4 b6 38. e4 dxe4 39. fxe4 Bg4 40.
Rf6 bxa5 41. bxa5 Bc8 42. Rxg6 Rc5 43. Rh6 Bd7 44. Rh8+ Kf7 45. Rh7+ Ke8 46. Rh6 Bb5 47. Bd4 Rc4 48. Ke3 Ra4 49. Bb6 Ra3+ 50. Kf4 Kf7 51.
Rxh5 Bd3 52. Rd5 Bc2 53. Rd7+ Ke6 54. Rd4 Ra4 55. Rxa4 Bxa4 56. h5 Be8 57. h6 Bg6 58. Bd4 Bh7 59. Bg7 Bg6 60. Ke3 Bh7 61. Kd4 Kd6 62.
e5+ Kc6 63. Bf8 Kd7 64. Kc5 Ke6 65. Bg7 Bd3 66. Kb6 Kd7 67. Kb7 Ke6 68. Kc6 Be4+ 69. Kc5 Bd3 70. Kb6 Kd7 71. Bf6 Ke6 72. h7 Bxh7 73.
Kxa6 Kd7 74. Kb7 Be4+ 75. Kb8 Bd3 76. Kb7 Be4+ 77. Kb6 Kc8 78. e6 Kb8 79. Be5+ Ka8 80. a6 Bg6 81. Bd4 Be8 82. Kc7 Bh5 83. Kd7 Bg6 84.
Kd6 Bh5 85. a7 Bg6 86. e7 Bh5 87. Ke6 Be8 88. Kf6 Ba4 89. Ke5 Bb5 90. Kd6 Be8 91. Kc7 Bh5 92. Kd8 Bg6 1/2-1/2

[Event "*** Titled Tuesday Blitz"]
[Site "Chess.com"]
[Date "2020.04.21"]
[Round "5"]
[White "Slovak_fighter2000"]
[Black "imdarealist"]
[Result "0-1"]
[WhiteElo "2527"]
[BlackElo "2325"]
[TimeControl "180+1"]
[EndTime "10:59:37 PDT"]
[Termination "imdarealist won by resignation"]

1. d4 d5 2. Nf3 Nf6 3. Bf4 e6 4. e3 Bd6 5. Bg3 O-O 6. Bd3 c5 7. c3 Qc7 8. Nbd2 Nbd7 9. e4 dxe4 10. Nxe4 Nxe4 11. Bxe4 Nf6 12. Bc2 Rd8 13. Qe2 b6 14. Rd1 Bb7 15. O-O Bxg3 16. hxg3 Bxf3 17. gxf3 cxd4 18.
cxd4 Rac8 19. Bb3 Qd6 20. Kg2 Qb4 21. Qd2 Qxd2 22. Rxd2 Rc7 23. Rfd1 Rcd7 24. f4 g6 25. Kf3 Kg7 26. Ba4 Rd5 27. Bb3 R5d7 28. Rd3 h5 29.
Ke3 Ng4+ 30. Ke2 Nf6 31. Bc4 Rd6 32. Bb5 Nd5 33. Ra3 a5 34. Rb3 Ne7 35. Bd3 Nf5 36.
Bxf5 gxf5 37. Ke3 Kg6 38. Rc3 Rd5 39. b3 b5 40. Rc7 R8d7 41. Rc8 Rd8 42. Rc6 R8d6 43.
Rc2 b4 44. Rdd2 Ra6 45. Rc5 Rad6 46. Rc4 Rb6 47. Rd1 Kf6 48. Rh1 Kg6 49. Rhc1 Ra6 50. Rc6 Ra7 51. R1c5 Rxc5 52. Rxc5 a4 53. Rc4 axb3 54.
axb3 Rb7 55. Rc5 Kf6 56. Kd3 Ra7 57. Rc4 Rb7 58. Rc2 Ke7 59. Ra2 Kd6 60. Kc4 Rc7+ 61. Kxb4 Kd5 62. Rd2 Ke4 63. Kb5 Rb7+ 64. Kc4 Rc7+ 65.
Kb4 Rb7+ 66. Kc5 Rxb3 67. Kd6 Rb7 68. d5 exd5 69. Re2+ Kf3 70. Rd2 Ke4 71. Re2+ Kf3 72. Rc2 Rb5 73. Ke5 Kg4 74. Rd2 d4+ 75. Kxd4 Rb7 76.
Ke5 Rb6 77. Rd3 Re6+ 78. Kd5 Re8 79. Rd2 Rd8+ 80. Ke5 Rxd2 81. Kf6 Rxf2 82. Kxf7 Rf3 83. Kg6 Rxg3 84. Kh6 Rf3 0-1

[Event "*** Titled Tuesday Blitz"]
[Site "Chess.com"]
[Date "2020.04.21"]
[Round "5"]
[White "DinaBelenkaya"]
[Black "adricalderon8"]
[Result "1/2-1/2"]
[WhiteElo "2225"]
[BlackElo "2413"]
[TimeControl "180+1"]
[EndTime "10:59:37 PDT"]
[Termination "Game drawn by agreement"]

1. e4 c5 2. Nc3 Nc6 3. g3 g6 4. Bg2 Bg7 5. d3 Rb8 6. Nge2 d6 7. O-O Nf6 8. h3 O-O 9. Be3 Nd7 10. Qd2 Nd4 11. Nc1 b5 12. Nd5 e6 13. Nf4 Ne5 14. Qd1 f5 15. c3 Ndc6 16. exf5 gxf5 17. d4 cxd4 18. cxd4 Nc4 19. Bxc6 Nxb2 20. Qb3 Nc4 21. a4 d5 22. axb5 a6 23. Qa4 axb5 24. Bxb5 Nb2 25.
Qb4 Nc4 26. Qc5 Nd6 27. Bd3 Ne4 28. Bxe4 fxe4 29. Nce2 Bd7 30. Ra7 Qe8 31. Qd6 Bb5 32. Re1 Rf6 33. Qc7 Rf7 34. Qxf7+ Qxf7 35. Rxf7 Kxf7 36.
Nc3 Bc4 37. Ra1 Rb7 38. Na4 Bf8 39. Nc5 Bxc5 40. dxc5 e5 41. Ng2 d4 42. Bd2 Rc7 43.
Bb4 Ke6 44. Ra5 d3 45. Ne3 Bb3 46. Bd2 Kd7 47. Kf1 Rb7 48. Ke1 Be6 49. Ra1 Bxh3 50.
Rc1 Rc7 51. Nc4 Ke6 52. Nb6 Bf5 53. c6 Bg6 54. Na8 Rc8 55. c7 Be8 56. Nb6 Bd7 57. Rc6+ Bxc6 58. Nxc8 Kd7 59. Ne7 Bb7 60. Nc6 Kxc6 61.
c8=Q+ Bxc8 62. Be3 Bg4 63. Kd2 Kd5 64. Bh6 Ke6 65. Be3 h5 66. Bg5 Bf3 67. Bh4 Kf5 68.
Be7 Kg4 69. Bf6 Kf5 70. Bg7 e3+ 71. Kxe3 e4 72. Kd2 Kg4 73. Bf6 Kh3 74. Ke3 Kg2 75. Bc3 Kf1 76. Bb4 Bg4 77. Ba5 Bf5 78. Bb4 Kg2 79. Ba5 h4 80. gxh4 Kh3 81. Bb4 Kxh4 82. Ba5 Kh3 83. Bb4 Kg2 84. Ba5 Kh3 85. Bb4 Kh4 86.
Ba5 Kg5 87. Bb4 Kf6 88. Ba5 Ke6 89. Bb4 Kd5 90. Be1 Kc4 91. Ba5 Kb3 92. Bb6 Kc2 93.
Ba5 Kc1 94. Bb4 Kc2 95. Ba5 Bg6 96. Bb4 Kb3 97. Ba5 Ka4 98. Bd2 Kb5 99. Be1 Kc4 100. Bd2 Bh7 101. Be1 Kb3 102. Bd2 Kc2 103. Ba5 Kd1 104. Bb4 Bg6 105. Ba5 Bf5 106. Bb4 Kc1 107. Ba5 Kc2 108. Bb4 1/2-1/2

[Event "*** Titled Tuesday Blitz"]
[Site "Chess.com"]
[Date "2020.04.21"]
[Round "5"]
[White "TERMINATOR_PC"]
[Black "yamalchess"]
[Result "1/2-1/2"]
[WhiteElo "2394"]
[BlackElo "2538"]
[TimeControl "180+1"]
[EndTime "10:59:42 PDT"]
[Termination "Game drawn by repetition"]

1. e4 e5 2. Nf3 Nc6 3. Nc3 Nf6 4. d4 exd4 5. Nxd4 Bb4 6. Nxc6 bxc6 7. Bd3 d5 8. exd5 cxd5 9. O-O O-O 10. Bg5 c6 11. Qf3 h6 12. Bxf6 Qxf6 13. Qxf6 gxf6 14. Ne2 Rb8 15. Nd4 Bd7 16. Bf5 Bxf5 17. Nxf5 Kh7 18.
Rad1 Rfe8 19. c3 Bf8 20. Rd2 Rb6 21. b3 a5 22. Rc1 Kg6 23. Nd4 f5 24. f4 Bg7 25.
Kf2 Re4 26. g3 a4 27. b4 Bxd4+ 28. Rxd4 Rxd4 29. cxd4 Rxb4 30. Rxc6+ f6 31. Ke3 Rb2 32. Rc5 Rxa2 33. Rxd5 Rxh2 34. Ra5 Rg2 35. Kf3 Ra2 36. d5 a3 37. Ra7 Rd2 38. Rxa3 Rxd5 39. Re3 Rd4 40. Kg2 Re4 41. Rf3 Kh5 42. Kh3 Re1 43. Ra3 Rh1+ 44. Kg2 Re1 45. Kh3 Re2 46. Rb3 Rc2 47. Ra3 Kg6 48. Ra7 h5 49. Rb7 Rf2 50. Ra7 h4 51. gxh4 Rf3+ 52. Kg2 Rxf4 53. Kg3 Rg4+ 54. Kh3 Rg1 55. Ra8 Kg7 56. Kh2 Rb1 57.
Kg3 Rb4 58. Kh3 Rc4 59. Rb8 Kg6 60. Rg8+ Kh7 61. Ra8 Kg7 62. Rb8 Rd4 63. Ra8 Rb4 64. Rc8 f4 65. Kg4 f3+ 66. Kxf3 Rxh4 67. Rc5 Kg6 68.
Kg3 Ra4 69. Kf3 Rb4 70. Ra5 Rd4 71. Kg3 Rd8 72. Kf3 Kf7 73. Ra6 Re8 74. Kf4 Re5 75. Ra7+ Kg6 76. Ra8 Rh5 77. Rg8+ Kf7 78. Ra8 Ke6 79.
Ra6+ Kf7 80. Ra7+ Kg6 81. Ra8 Rh4+ 82. Kg3 Rb4 83. Kf3 Kg5 84. Ra3 Rh4 85. Kg3 f5 86.
Ra8 f4+ 87. Kf3 Rh3+ 88. Kf2 Rb3 89. Rg8+ Kf5 90. Rf8+ Kg5 91. Rg8+ Kf5 92. Rf8+ Kg5 93. Rg8+ 1/2-1/2

[Event "*** Titled Tuesday Blitz"]
[Site "Chess.com"]
[Date "2020.04.21"]
[Round "5"]
[White "Falia-p"]
[Black "stoleriu"]
[Result "0-1"]
[WhiteElo "2318"]
[BlackElo "2501"]
[TimeControl "180+1"]
[EndTime "10:59:52 PDT"]
[Termination "stoleriu won by resignation"]

1. e4 e6 2. d4 d5 3. Nc3 Bb4 4. e5 c5 5. a3 Ba5 6. b4 cxd4 7. Nb5 Bb6 8. Nf3 Nc6 9. Bb2 a6 10. Nbxd4 Nxd4 11. Bxd4 Ne7 12. Bd3 Bd7 13. Qe2 Nc6 14.
Bxb6 Qxb6 15. O-O h6 16. c4 dxc4 17. Bxc4 O-O 18. Rfd1 Rfd8 19. Rd6 Qc7 20. Rad1 Be8 21. Bb3 Ne7 22. Qd3 Rdc8 23. Nd4 Kh8 24. Bc2 g6 25. Qh3 Kh7 26. Be4 Ba4 27. Re1 Rd8 28. Qg3 Rac8 29. h4 Nf5 30. Bxf5 gxf5 31. h5 Rg8 32.
Qf3 Qc3 33. Re3 Qc1+ 34. Kh2 Qc7 35. Nxf5 Bc6 36. Qf4 Rxg2+ 37. Kh3 Rg5 38. Ng3 Rcg8 39. Red3 Qe7 40. Qf6 Qxf6 41. exf6 Re5 42. Re3 Rxe3 43. fxe3 Rg5 44. e4 Rg8 45. Rd2 Rc8 46. e5 Bd5 47. Nf1 Rc3+ 48. Kg4 Rxa3 49. Kf4 Rf3+ 50. Kg4 Rf5 51.
Ne3 Rxe5 52. Nxd5 Rxd5 53. Rc2 Rd4+ 54. Kg3 Rxb4 55. Rc7 Kg8 56. Rc8+ Kh7 57. Rf8 Rb5 58. Rxf7+ Kg8 59. Rg7+ Kf8 60. Kg4 a5 61. Rh7 a4 62.
Rxh6 a3 63. Rh8+ Kf7 64. Ra8 Kxf6 65. h6 Rg5+ 66. Kh4 Rg1 67. Kh5 Rh1+ 68. Kg4 Rxh6 69.
Rxa3 Rg6+ 70. Kf4 e5+ 71. Ke4 Rg4+ 72. Kd5 Rd4+ 73. Kc5 Rd1 74. Rb3 e4 75. Rxb7 Ke5 76.
Re7+ Kf4 77. Rf7+ Kg3 78. Kc4 e3 79. Re7 Kf2 80. Rf7+ Ke2 81. Kc3 Rd8 82. Rf6 Ke1 83. Re6 e2 84. Kc2 Rc8+ 85. Kd3 Kd1 86. Rxe2 Rd8+ 87.
Kc3 Kxe2 88. Kc4 Ke3 89. Kc5 Ke4 90. Kc6 Rd1 91. Kc7 Ke5 92. Kc6 Rd2 93. Kb6 Rc2 94.
Kb7 Kd4 95. Kb6 Kd5 96. Ka6 Rb2 97. Ka7 Kc4 98. Ka6 Kc5 99. Ka7 Kc6 100. Ka8 Kc7 0-1